 Dungeon Crawl Stone Soup version 0.29.1-1-gd02db6906a (webtiles) character file.

Game seed: 6894700753313740849

37 NaughtyZerg the Conjurer (level 3, 0/26 HPs)
             Began as a Demigod Conjurer on Oct 21, 2022.
             Slain by a hobgoblin (1 damage)
             ... led by Robin
             ... on level 2 of the Dungeon.
             The game lasted 00:09:58 (1493 turns).

NaughtyZerg the Conjurer (Demigod Conjurer)         Turns: 1493, Time: 00:09:58

Health: 0/26       AC:  6    Str:  8    XL:     3   Next: 8%
Magic:  2/9        EV: 12    Int: 24    God:
Gold:   58         SH:  0    Dex: 12    Spells: 3/6 levels left

rFire   . . .      SeeInvis .   l - +0 hand axe
rCold   . . .      Faith    .   (no shield)
rNeg    . . .      Spirit   .   a - +0 robe
rPois   .          Reflect  .   (no helmet)
rElec   .          Harm     .   (no cloak)
rCorr   .          Rampage  .   (no gloves)
Will    .....                   (no boots)
Stlth   ++........              (no amulet)
HPRegen 0.08/turn               d - ring of flight
MPRegen 0.11/turn               k - +4 ring of protection

@: flying, very slightly contaminated
A: high MP 1, forlorn, divine attributes
a: no special abilities


You were on level 2 of the Dungeon.
You visited 1 branch of the dungeon, and saw 2 of its levels.

You collected 58 gold pieces.

Inventory:

Hand Weapons
 l - a +0 hand axe (weapon)
Armour
 a - a +0 robe (worn)
Jewellery
 d - a ring of flight (left hand)
 k - a +4 ring of protection (right hand)
Scrolls
 f - a scroll of immolation {unknown}
 g - a scroll of butterflies {unknown}
 h - a scroll of enchant armour {unknown}
 i - 2 scrolls of enchant weapon {unknown}
Potions
 b - a potion of magic
 c - 2 potions of attraction {unknown}


   Skills:
 + Level 2.2 Dodging
 - Level 2.0 Stealth
 * Level 2.3 Spellcasting
 * Level 4.0 Conjurations


You had 3 spell levels left.
You knew the following spells:

 Your Spells              Type           Power      Damage    Failure   Level
a - Magic Dart            Conj           88%        1d7       2%          1
b - Searing Ray           Conj           44%        2d6       3%          2

Your spell library contained the following spells:

 Spells                   Type           Power      Damage    Failure   Level
 Dazzling Flash           Conj/Hex       24%        N/A       16%         3
 Fulminant Prism          Conj/Hex       6%         3d7       45%         4
 Iskenderun's Mystic Bla  Conj/Tloc      12%        2d5       45%         4


Dungeon Overview and Level Annotations

Branches:
Dungeon (2/15)

Annotations:
D:2 Robin


Innate Abilities, Weirdness & Mutations

You have an increased reservoir of magic. (+10% MP)
You shall have no god before yourself.
Your divine heritage dramatically boosts your attributes as you level up.


Message History

You feel very sick. Robin hits you but does no damage.
A rat comes into view.
The goblin closely misses you. The hobgoblin closely misses you.
Robin roars a battlecry!
The goblins go into a battle-frenzy!
The hobgoblin hits you but does no damage.
The goblin barely misses you.
You hit Robin.
Robin is lightly wounded.
You hit the goblin.
You kill the goblin!
You hit the hobgoblin.
You feel very sick. Robin hits you but does no damage.
The hobgoblin barely misses you.
You feel sick. Robin throws the goblin at you! The hobgoblin hits you.
The goblin hits you but does no damage.
Things that are here:
a +1 dagger of venom; a goblin corpse You feel sick.
The goblin hits you but does no damage. The goblin attacks as you move away!
The goblin closely misses you. The hobgoblin attacks as you move away!
The hobgoblin misses you.
You feel sick. The hobgoblin attacks as you move away!
The hobgoblin closely misses you.
You feel sick.
Aiming: Searing Ray (safe; 3% risk of failure)
Press: ? - help, Q - select action, (/) - cycle Shift-Dir - straight line You miscast Searing Ray.
You are very lightly contaminated with residual magic.
Nothing appears to happen.
You feel sick. The hobgoblin barely misses you.
You feel sick. Robin throws the goblin at you! The goblin barely misses you.
You feel sick.
You are no longer poisoned.
The goblin hits you with a +0 dagger.
* * * LOW HITPOINT WARNING * * *
Unknown command.
The goblin barely misses you. The hobgoblin attacks as you move away!
The hobgoblin hits you.
You die...

######### ###########
#...>...# #.........#
#.......# #.........#
....(...# #.........#
........#####.........#
......................#
.############.........#
.# ####..g......# .#
#g.rr.g@.....# .#
##)######.##### .# #r†#
#.# ## #)## ### ..r.
##!).. #.)..# #....#
....##


You could see Robin, a hobgoblin (strong), a goblin (strong) and 2 rats.

Vanquished Creatures
  A bat (D:1)
  4 endoplasms (D:1)
  A giant cockroach (D:1)
  9 goblins
  5 hobgoblins
  A kobold (D:2)
  A quokka (D:1)
  A ball python (D:1)
  12 rats (D:1)
35 creatures vanquished.

Notes
Turn   | Place    | Note
-------+----------+-------------------------------------------
     0 | D:1      | NaughtyZerg the Demigod Conjurer began the quest for the
                  | Orb.
     0 | D:1      | Reached XP level 1. HP: 14/14 MP: 5/5
   249 | D:1      | Found Nieh's Book Boutique.
   754 | D:1      | Reached XP level 2. HP: 20/20 MP: 5/7
  1057 | D:1      | You are sucked into a shaft and drop 1 floor!
  1102 | D:1      | Learned a level 2 spell: Searing Ray
  1472 | D:2      | Noticed Robin
  1477 | D:2      | Reached skill level 4 in Conjurations
  1479 | D:2      | Reached XP level 3. HP: 24/26 MP: 2/9
  1491 | D:2      | HP: 1/26 [goblin/+0 dagger[Robin] (2)]
  1493 | D:2      | Slain by a hobgoblin

Illustrated notes

Levels and vault maps discovered:
D:1:      sevenhm_arrival_forest_fort_small_5, layout_loops_ring,
          ebering_ecumenical_altar_sacrificial, serial_shops, shop,
          minmay_rat_gold_closets
D:2:      minmay_recursive_quarters, layout_rooms, uniq_robin

Skill      XL: |  1  2 |
---------------+-------+-----
Stealth        | 2 |  2.0
Dodging        | 2 |  2.2
Spellcasting   | 2 |  2.3
Conjurations   | 4 |  4.0

Action                   || total
-------------------------++-------
Melee: Unarmed           ||     6
       Hand axe          ||    19
       Club              ||     1
 Cast: Magic Dart        ||    33
       Searing Ray       ||     1
  Use: Scroll            ||     1
 Stab: Sleeping          ||     5
Armor: Robe              ||    20
Dodge: Dodged            ||    28
